 Dungeon Crawl Stone Soup version 0.20-a0-823-gdec668e (webtiles) character file.

33 Gorglomux the Changer (level 3, -3/26 HPs)
             Began as a Merfolk Transmuter on Mar 5, 2017.
             Slain by Sigmund
             ... wielding a +0 scythe
              (13 damage)
             ... on level 2 of the Dungeon.
             The game lasted 00:04:14 (1358 turns).

Gorglomux the Changer (Merfolk Transmuter)          Turns: 1358, Time: 00:04:15

Health: -3/26      AC:  2    Str: 10    XL:     3   Next: 29%
Magic:  1/6        EV: 13    Int: 13    God:
Gold:   94         SH:  0    Dex: 14    Spells: 0/6 levels left

rFire    . . .     SeeInvis .     - Unarmed
rCold    . . .     Gourm    .   b - +0 robe
rNeg     . . .     Faith    .   (no shield)
rPois    .         Spirit   .   (no helmet)
rElec    .         Reflect  .   (no cloak)
rCorr    .         Harm     .   (no gloves)
MR       .....                  (no boots)
Stlth    +.........             (no amulet)
Regen    0.1/turn               (no ring)
MPRegen  0.1/turn               (no ring)

@: very slightly contaminated
A: change form in water, swift swim, stealthy swim
a: no special abilities


You were on level 2 of the Dungeon.
You were not hungry.

You visited 1 branch of the dungeon, and saw 2 of its levels.

You collected 94 gold pieces.

Inventory:

Missiles
 a - 19 arrows
Armour
 b - a +0 robe (worn)
Scrolls
 e - a scroll of amnesia {unknown}
 g - a scroll of remove curse {unknown}
 h - a scroll of blinking {unknown}
Potions
 f - a potion of agility {unknown}
 i - a potion of lignification {unknown}
 j - a potion of ambrosia {unknown}
Books
 c - a book of Changes
Comestibles
 d - 3 bread rations {@e1@e1}
 k - a meat ration {@e2@e2}


   Skills:
 - Level 1.1 Fighting
 - Level 2.6 Dodging
 + Level 3.9 Unarmed Combat
 - Level 2.0 Spellcasting
 - Level 4.0 Transmutations
 + Level 0.2 Poison Magic


You couldn't memorise any spells.
You knew the following spells:

 Your Spells              Type           Power        Failure   Level  Hunger
a - Beastly Appendage     Tmut           ##....       6%          1    ##.....
c - Spider Form           Tmut/Pois      #.........   34%         3    ####...
s - Sticks to Snakes      Tmut           ##......     10%         2    ###....


Dungeon Overview and Level Annotations

Branches:
Dungeon (2/15)

Altars:

Annotations:
D:2 Sigmund


Message History

Things that are here:
a club; 4 stones Your horns disappear.
You see here a frilled lizard corpse.
You see here 8 stones.
You see here a dagger.
Eating a chunk of flesh {@w0@w0}.
You eat the chunk of flesh {@w0@w0}.
Things that are here:
10 stones; a goblin skeleton You see here a stone.
You see here a stone.
You see here a stone.
You see here a stone.
Things that are here:
10 stones; a goblin skeleton
There is a stone staircase leading down here.
You see here a dagger.
You see here 8 stones.
You see here a frilled lizard corpse.
Partly explored, can't reach some places.
Partly explored, can't reach some places.
(D) Dungeon
Where to? (? - help)
You see here a frilled lizard corpse.
You see here 8 stones.
You see here a dagger.
There is a stone staircase leading down here.
You climb downwards.
Sigmund the Dreaded comes into view.
He is wielding a scythe.
Sigmund shouts!
Found 10 gold pieces, a bread ration and a royal jelly.
Found an escape hatch in the ceiling.
Found a stone staircase leading down.
There is a stone staircase leading up here.
Okay, then.
You don't know that spell.
You create a snake!
You now have 20 arrows.
A kobold comes into view.
You now have 4/6 mp.
Casting: Sticks to Snakes You miscast Sticks to Snakes.
You are very lightly contaminated with residual magic.
Your skin tingles.
You now have 2/6 mp.
Casting: Sticks to Snakes You create a snake!
You now have 19 arrows.
You now have 0/6 mp.
Unknown command.
What are your orders? t - Shout!
Orders for allies: a - Attack new target. r - Retreat! s - Stop attacking. g - Guard the area. f - Follow me.
Anything else - Cancel.
Gang up on whom?
Aim: Sigmund, wielding a scythe and wearing a robe Attack!
Sigmund laughs darkly.
Your ball python bites Sigmund but does no damage.
Your ball python barely misses Sigmund.
The kobold closely misses your ball python.
You swap places.
Sigmund closely misses you.
Your ball python bites Sigmund but does no damage.
Your ball python grabs Sigmund.
Your ball python constricts Sigmund.
The kobold completely misses your ball python.
Your ball python bites Sigmund.
You hit Sigmund.
Your ball python bites Sigmund.
Your ball python constricts Sigmund.
Sigmund points at you and mumbles some strange words.
You are confused.
Your ball python barely misses Sigmund.
The kobold hits your ball python.
Your ball python dies!
Your ball python bites Sigmund.
Your ball python grabs Sigmund.
Your ball python constricts Sigmund.
Sigmund barely misses you.
Your ball python bites Sigmund but does no damage.
Your ball python constricts Sigmund.
The kobold hits you.
You take 3 damage, and have 23/26 hp.
Sigmund casts a spell.
Sigmund flickers and vanishes!
Deactivating autopickup; reactivate with Ctrl-A.
Your ball python constricts something. x2; The kobold hits you.
You take 1 damage, and have 22/26 hp.
Unknown command.
Your ball python constricts something. x2; The kobold closely misses you.
You feel less confused. Something hits you!
Your ball python constricts something. x2
The kobold closely misses you.
You take 9 damage, and have 13/26 hp.
MASSIVE DAMAGE!!
Unknown command.
You hit something.
Your ball python constricts something.
Something hits you.
You take 3 damage, and have 10/26 hp.
Unknown command.
Your ball python constricts something. x2; The kobold closely misses you.
Your ball python loses its grip on something.
The kobold hits your ball python.
There is a stone staircase leading up here.
Unknown command.
Something hits you!
Ouch! That really hurt!
You die...

#. .... #. ... #.
..# #. ..# #
##.##..#.###
....$...%..
..######.#...#
.......@SK.#
#........{>......
#.######..#.....#
#<%###...# #..#
... ...# .# ....
# ####.#


You could see a kobold and a friendly ball python.

Vanquished Creatures
  2 leopard geckos (D:1)
  4 bats (D:1)
  4 giant cockroaches (D:1)
  4 hobgoblins (D:1)
  6 frilled lizards (D:1)
  2 goblins (D:1)
  4 kobolds (D:1)
  3 rats (D:1)
29 creatures vanquished.

Notes
Turn   | Place    | Note
-------+----------+-------------------------------------------
     0 | D:1      | Gorglomux the Merfolk Transmuter began the quest for the Orb.
     0 | D:1      | Reached XP level 1. HP: 15/15 MP: 3/3
   204 | D:1      | Reached skill level 3 in Transmutations
   387 | D:1      | Reached XP level 2. HP: 21/21 MP: 3/5
   794 | D:1      | Reached XP level 3. HP: 26/26 MP: 4/6
   818 | D:1      | Reached skill level 4 in Transmutations
   828 | D:1      | Learned a level 3 spell: Spider Form
   831 | D:1      | Learned a level 2 spell: Sticks to Snakes
  1342 | D:2      | Noticed Sigmund
  1358 | D:2      | Slain by Sigmund

Vault maps used:
D:1:      tarquinn_simple_flora_water_e, serial_forest,
          infiniplex_forest_lined_room_, infiniplex_forest_lined_corner,
          infiniplex_forest_end_2, infiniplex_forest_clump_tiny,
          infiniplex_forest_corner_1, infiniplex_forest_clump_medium,
          kennysheep_nondescript, minmay_curled_crystal, minmay_strange_pillars,
          dk_noncrumbling_2, minmay_small_reverse_x
D:2:      old_standard_altar, tgw_xom, roderic_serpentine_path,
          lemuel_old_faithful, uniq_sigmund, uniq_terence

Skill      XL: |  1  2  3 |
---------------+----------+-----
Transmutations | 3 4 |  4.0
Fighting       | |  1.1
Dodging        | |  2.6
Unarmed Combat | |  3.9
Spellcasting   | |  2.0
Poison Magic   | |  0.2

Action                   || total
-------------------------++-------
Melee: Unarmed           ||    75
       Headbutt          ||    13
 Cast: Beastly Appendage ||    23
       Sticks to Snakes  ||     2
 Stab: Sleeping          ||     4
  Eat: Chunk             ||     2
Armor: Robe              ||     7
Dodge: Dodged            ||    62

Vault maps used:
D:1:      tarquinn_simple_flora_water_e, serial_forest,
          infiniplex_forest_lined_room_, infiniplex_forest_lined_corner,
          infiniplex_forest_end_2, infiniplex_forest_clump_tiny,
          infiniplex_forest_corner_1, infiniplex_forest_clump_medium,
          kennysheep_nondescript, minmay_curled_crystal, minmay_strange_pillars,
          dk_noncrumbling_2, minmay_small_reverse_x
D:2:      old_standard_altar, tgw_xom, roderic_serpentine_path,
          lemuel_old_faithful, uniq_sigmund, uniq_terence

Table legend:
 A = Turns spent in this place as a percentage of turns spent in the entire game.
 B = Non-inter-level travel turns spent in this place as a percentage of non-inter-level travel turns spent in the entire game.
 C = Inter-level travel turns spent in this place as a percentage of turns spent in this place.
 D = Turns resting spent in this place as a percentage of non-inter-level travel turns spent in this place.
 E = Turns spent auto-exploring this place as a percentage of non-inter-level travel turns spent in this place.
 F = Non-inter-level travel turns spent in this place divided by the number of levels of this place that you've seen.
                   A       B       C       D       E      F
               +-------+-------+-------+-------+-------+----------------------
         Total | 100.0 | 100.0 |   0.2 |   0.9 |   9.9 | 227.0
       Dungeon | 100.0 | 100.0 |   0.2 |   0.9 |   9.9 | 227.0
               +-------+-------+-------+-------+-------+----------------------

Table legend:
 A = Kills in this place as a percentage of kills in entire the game.
 B = Kills by you in this place as a percentage of kills by you in the entire game.
 C = Kills by friends in this place as a percentage of kills by friends in the entire game.
 D = Other kills in this place as a percentage of other kills in the entire game.
 E = Experience gained in this place as a percentage of experience gained in the entire game.
 F = Experience gained in this place divided by the number of levels of this place that you have seen.
                   A       B       C       D       E      F
               +-------+-------+-------+-------+-------+----------------------
         Total | 100.0 | 100.0 |  -nan |  -nan | 100.0 |  24.0
       Dungeon | 100.0 | 100.0 |  -nan |  -nan | 100.0 |  24.0
               +-------+-------+-------+-------+-------+----------------------
